 Dungeon Crawl Stone Soup version 0.29.1-15-g9cfb28693d (webtiles) character file.

Game seed: 14830380484288303979

578 H0rd4k the Insei (level 7, -2/47 HPs)
             Began as an Octopode Artificer on Mar 8, 2023.
             Slain by a white imp (4 damage)
             ... on level 5 of the Dungeon.
             The game lasted 00:04:33 (6317 turns).

H0rd4k the Insei (Octopode Artificer)               Turns: 6317, Time: 00:04:34

Health: -2/47      AC:  1    Str: 11    XL:     7   Next: 35%
Magic:  11/11      EV: 13    Int: 22    God:
Gold:   193        SH:  0    Dex: 12    Spells: 12/12 levels left

rFire   + . .      SeeInvis .     - Unarmed
rCold   . . .      Faith    .   (no shield)
rNeg    . . .      Spirit   .   (helmet restricted)
rPois   .          Reflect  .   g - amulet of the acrobat
rElec   .          Harm     .   f - ring of protection from fire
rCorr   .          Rampage  .   u - +6 ring of intelligence
Will    .....                   (no ring)
Stlth   +++.......              (no ring)
HPRegen 0.15/turn               (no ring)
MPRegen 0.12/turn               (no ring)
                                (no ring)
                                (no ring)

@: no status effects
A: almost no armour, amphibious, 8 rings, camouflage 1, gelatinous body 1,
(nimble swimmer 1), tentacles
a: no special abilities


You were on level 5 of the Dungeon.
You visited 1 branch of the dungeon, and saw 5 of its levels.
You also visited: Sewer.

You collected 193 gold pieces.

Inventory:

Hand Weapons
 z - the +7 quarterstaff of the Valley {elec, rElec rPois Int-3}
   (You took it off a kobold on level 4 of the Dungeon)

   It occasionally discharges a powerful burst of electricity upon striking a
   foe.
   Int:       It affects your intelligence (-3).
   rElec:     It insulates you from electricity.
   rPois:     It protects you from poison.
Missiles
 i - 23 poisoned darts
 C - 2 throwing nets
Jewellery
 f - a ring of protection from fire (left tentacle)
 g - an amulet of the acrobat (around mantle)
 u - a +6 ring of intelligence (right tentacle)
Wands
 b - a wand of flame (40) (quivered)
 c - a wand of charming (10)
 d - a wand of iceblast (4)
 t - a wand of roots (6)
Scrolls
 e - 2 scrolls of poison {unknown}
 k - a scroll of amnesia {unknown}
 n - a scroll of blinking {unknown}
 p - a scroll of teleportation {unknown}
 s - a scroll of noise {unknown}
 v - 2 scrolls of identify {unknown}
 y - a scroll of fear {unknown}
 A - a scroll of magic mapping {unknown}
 B - 2 scrolls of enchant weapon {unknown}
Potions
 a - 2 potions of heal wounds {unknown}
 h - 2 potions of ambrosia {unknown}
 j - 2 potions of flight
 l - a potion of curing
 m - 2 potions of haste {unknown}
 o - a potion of mutation {unknown}
 q - a potion of magic {unknown}
 r - 2 potions of brilliance {unknown}
 w - a potion of berserk rage
 x - a potion of attraction {unknown}


   Skills:
 * Level 3.7 Fighting
 - Level 2.3 Dodging
 - Level 1.3 Stealth
 + Level 5.3 Unarmed Combat
 * Level 3.0 Spellcasting
 - Level 3.2 Evocations


You had 12 spell levels left.
You didn't know any spells.
Your spell library contained the following spells:

 Spells                   Type           Power      Damage    Failure   Level
 Apportation              Tloc           6%         N/A       12%         1
 Necrotise                Necr           12%        1d4       12%         1
 Sandblast                Erth           6%         2d5       12%         1
 Summon Small Mammal      Summ           12%        N/A       12%         1
 Passwall                 Tmut/Erth      2%         N/A       19%         2
 Stone Arrow              Conj/Erth      6%         3d7       36%         3


Dungeon Overview and Level Annotations

Branches:
Dungeon (5/15)              Sewer (visited)
 Temple: D:4-7

Altars:
Cheibriados
Dithmenos
Sif Muna


Innate Abilities, Weirdness & Mutations

You cannot wear most types of armour.
You are amphibious.
You can wear up to eight rings at the same time.
Your skin changes colour to match your surroundings (Stealth+).
Your rubbery body absorbs attacks. (AC +1, EV +1)
((You are camouflaged when in or above water. (Stealth+)))
You have tentacles for arms and can constrict up to eight enemies at once.


Message History

You completely miss the iguana.
The iguana is lightly wounded.
You constrict the iguana, but do no damage.
You tentacle-slap the iguana but do no damage.
The iguana is lightly wounded.
You constrict the iguana. The white imp hits you. The white imp freezes you.
The iguana misses you.
You tentacle-slap the iguana.
The iguana is moderately wounded.
You constrict the iguana. The iguana bites you.
The white imp closely misses you.
You tentacle-slap the iguana but do no damage.
You squeeze the iguana.
The iguana is severely wounded.
You constrict the iguana. The white imp gestures at you.
The puff of frost hits you! The iguana closely misses you.
You are too injured to fight recklessly!
You are too injured to fight recklessly!
You are too injured to fight recklessly!
You are too injured to fight recklessly!
You are too injured to fight recklessly!
You are too injured to fight recklessly!
You tentacle-slap the iguana.
You kill the iguana!
The white imp gestures at you. The puff of frost hits you!
* * * LOW HITPOINT WARNING * * *
Aiming: Charm
Press: ? - help, Shift-Dir - straight line, f - white imp
Aim: a white imp (chance to affect: 66%)
The white imp struggles to resist.
The white imp misses you.
Unknown command.
Aiming: Charm
Press: ? - help, Shift-Dir - straight line, f/p - white imp
Aim: a white imp (chance to affect: 66%)
The white imp struggles to resist.
The white imp hits you.
* * * LOW HITPOINT WARNING * * *
The white imp freezes you.
You die...

##..####...###...##...
####...###...##... .
#................. ..
#................. ...
#....[............ ....
##.....###...##...
....s###.....###...##...
......5............##...
......†@...........##...
.................... ...
..................... .
......................
.....................
.................
################


You could see a scorpion and a white imp.

Vanquished Creatures
  2 necrophages (D:5)
  2 scorpions
  A hound (D:5)
  An orc priest (D:5)
  A hell rat (Sewer)
  2 iguanas (D:5)
  An orc wizard (D:5)
  3 gnolls (D:4)
  4 adders
  A river rat (Sewer)
  5 worms
  2 dart slugs (D:4)
  9 orcs
  3 bats
  7 endoplasms
  2 giant cockroaches
  8 goblins
  6 hobgoblins
  7 jackals
  2 quokkas (D:1)
  5 ball pythons
  A frilled lizard (D:1)
  6 kobolds
  7 rats
88 creatures vanquished.

Vanquished Creatures (others)
  A gnoll (D:4)
1 creature vanquished.

Grand Total: 89 creatures vanquished

Notes
Turn   | Place    | Note
-------+----------+-------------------------------------------
     0 | D:1      | H0rd4k the Octopode Artificer began the quest for the Orb.
     0 | D:1      | Reached XP level 1. HP: 13/13 MP: 1/1
   198 | D:1      | Found a faded altar of an unknown god.
   339 | D:1      | Reached XP level 2. HP: 19/19 MP: 1/3
   458 | D:1      | Reached skill level 1 in Spellcasting
   988 | D:1      | Reached XP level 3. HP: 18/24 MP: 4/4
  1856 | D:2      | HP: 1/24 [poisoned by a kobold]
  2581 | D:2      | Reached skill level 1 in Unarmed Combat
  2948 | D:3      | Reached XP level 4. HP: 20/30 MP: 6/6
  2948 | D:3      | Found a glowing drain.
  2978 | Sewer    | Entered a sewer
  3293 | Sewer    | Reached skill level 2 in Unarmed Combat
  3648 | D:3      | Found a shadowy altar of Dithmenos.
  3667 | D:3      | Reached XP level 5. HP: 19/35 MP: 8/8
  4250 | D:4      | Reached skill level 3 in Unarmed Combat
  4410 | D:4      | Found a shimmering blue altar of Sif Muna.
  4442 | D:4      | Reached XP level 6. HP: 14/42 MP: 9/9
  4666 | D:4      | Identified the +7 quarterstaff of the Valley {elec, rElec
                  | rPois Int-3}
  5343 | D:4      | Found a snail-covered altar of Cheibriados.
  5507 | D:5      | Entered Level 5 of the Dungeon
  5520 | D:5      | Reached skill level 4 in Unarmed Combat
  5662 | D:5      | Reached XP level 7. HP: 28/46 MP: 11/11
  5878 | D:5      | Reached skill level 5 in Unarmed Combat
  6317 | D:5      | HP: 2/47 [white imp (3)]
  6317 | D:5      | Slain by a white imp

Illustrated notes

Levels and vault maps discovered:
D:1:      dpeg_arrival_shrine, layout_basic, hellmonk_ecumenical_altar_run_dry
D:2:      layout_basic, dreamdust_princess_bridge
D:3:      layout_loops_ring, nicolae_dithmenos_the_darkroom,
          cheibrodos_sewer_entry_bend
D:4:      layout_basic, led_sif_pool, mainiacjoe_overflow_alcove_2,
          minivault_24, grunt_ministairs_11
D:5:      layout_gridville

Skill      XL: |  1  2  3  4  5  6  7 |
---------------+----------------------+-----
Spellcasting   | 1 2 3 |  3.0
Fighting       | 2 3 |  3.7
Unarmed Combat | 1 2 3 4 5 |  5.3
Dodging        | |  2.3
Stealth        | |  1.3
Evocations     | |  3.2

Action                   |  1- 3 |  4- 6 |  7- 9 || total
-------------------------+-------+-------+-------++-------
Melee: Unarmed           |    92 |   117 |    25 ||   234
       Tentacles         |    24 |    29 |     5 ||    58
       Constrict         |    26 |    34 |     6 ||    66
       Punch             |     3 |     4 |     2 ||     9
Evoke: Wand              |       |     8 |     2 ||    10
  Use: Potion            |     4 |       |       ||     4
 Stab: Sleeping          |    12 |    10 |     1 ||    23
Armor: Skin              |     3 |     5 |     1 ||     9
Dodge: Dodged            |    38 |    87 |    15 ||   140
